 Dungeon Crawl Stone Soup version 0.31-a0-455-g1a7b003ef0 (webtiles) character file.

Game seed: 8921922717733119255

4 Xavori the Trooper (level 1, 0/20 HPs)
             Began as a Djinni Chaos Knight on Aug 4, 2023.
             Was a Plaything of Xom.
             Slain by a jackal (1 damage)
             ... on level 1 of the Dungeon.
             The game lasted 00:00:08 (1020 turns).

Xavori the Trooper (Djinni Chaos Knight)            Turns: 1020, Time: 00:00:09

Health: 0/20       AC:  5    Str: 11    XL:     1   Next: 77%
Gold:   0          EV: 11    Int: 13    God:    Xom [..*...] SH:  0 Dex: 12

rFire   + + .        a - +0 falchion (chaos)
rCold   x . .        (no shield)
rNeg    . . .        b - +2 leather armour
rPois   ∞            (no helmet)
rElec   .            (no cloak)
rCorr   .            (no gloves)
SInv    .            (boots unavailable)
Will    .....        (no amulet)
Stlth   +            (no ring)
HPRegen 0.23/turn    (no ring)
MPRegen 0.00/turn

%: infuse magic (-1 HP)
@: flying
A: sickness immunity, fire resistance 2, cold vulnerability 1, float, innate
caster, HP casting, extra vitality 1
a: Renounce Religion


You were on level 1 of the Dungeon.
You worshipped Xom.
You were a toy of Xom.
You visited 1 branch of the dungeon, and saw 1 of its levels.

Inventory:

Hand Weapons
 a - a +0 falchion of chaos (weapon)
Armour
 b - a +2 leather armour (worn)
Scrolls
 c - a scroll of butterflies


   Skills:
 + Level 3.0 Fighting
 + Level 2.6 Long Blades
 + Level 1.0 Armour
 + Level 2.1 Dodging You didn't know any spells. Your spell library was empty.

Dungeon Overview and Level Annotations

Branches:
Dungeon (1/15)

Altars:


Innate Abilities, Weirdness & Mutations

You are immune to sickness and miasma.
You are immune to poison.
Your flesh is very heat resistant. (rF++)
You are vulnerable to cold. (rC-)
You float through the air rather than walking.
You learn spells naturally, not from books.
Your magical power is your life essence.
You have superior vitality. (+4 MHP)


Message History

You hit the rat.
You kill the rat!
The hobgoblin hits you. The goblin barely misses you.
The giant cockroach closely misses you.
The giant cockroach attacks as you move away!
The giant cockroach bites you. The goblin barely misses you.
Things that are here:
a scroll labelled FOVISA EVUTO; a rat corpse; a jackal corpse Unknown command.
The giant cockroach attacks as you move away!
The giant cockroach closely misses you. The jackal closely misses you.
You barely miss the giant cockroach. The giant cockroach bites you.
The jackal barely misses you. The giant cockroach bites you.
* * * LOW HITPOINT WARNING * * *
The jackal bites you but does no damage.
You barely miss the giant cockroach.
A hobgoblin opens the door.
The giant cockroach closely misses you. The jackal closely misses you.
You hit the giant cockroach. You freeze the giant cockroach.
The giant cockroach is severely wounded.
The giant cockroach barely misses you. The jackal closely misses you.
The jackal barely misses you. The giant cockroach barely misses you.
You hit the giant cockroach.
You kill the giant cockroach!
The jackal bites you but does no damage.
The hobgoblin hits you but does no damage.
The jackal bites you.
* * * LOW HITPOINT WARNING * * *
Unknown command.
You hit the goblin.
The goblin resists with significant effort.
The goblin is severely wounded.
The jackal bites you.
* * * LOW HITPOINT WARNING * * *
The hobgoblin hits you.
* * * LOW HITPOINT WARNING * * *
The goblin hits you but does no damage.
You closely miss the jackal.
The jackal bites you but does no damage.
The hobgoblin misses you. The goblin misses you. The jackal bites you.
You die...

... .. #.+++'++... .
# ..+....+..
..##.###.+..<.'.
........+....+
###..##..+....+ # .
#........''''++.#.l.
#.......#hg.).......
........g@..........
....#######.........
. #.........
..........
...........
#.....###.#. #.....#
... ......) ..


You could see a jackal, a hobgoblin and a goblin.

Vanquished Creatures
  A giant cockroach (D:1)
  A jackal (D:1)
  A ball python (D:1)
  A kobold (D:1)
  A rat (D:1)
5 creatures vanquished.

Notes
Turn   | Place    | Note
-------+----------+-------------------------------------------
     0 | D:1      | Xavori the Djinni Chaos Knight began the quest for the Orb.
     0 | D:1      | Reached XP level 1. HP: 20/20 MP: 0/0
     9 | D:1      | XOM: silly message
   980 | D:1      | XOM: noise
   995 | D:1      | XOM: blink monster(s)
  1019 | D:1      | HP: 1/20 [hobgoblin (2)]
  1020 | D:1      | Slain by a jackal

Illustrated notes

Levels and vault maps discovered:
D:1:      lightli_arrival_maybe_door_vault, layout_basic

Action                     || total
---------------------------++-------
  Melee: Falchion          ||    23
 Armour: Leather armour    ||    26
  Dodge: Dodged            ||    50

Table legend: (Time is in decaauts)
 A = Elapsed time spent in this place.
 B = Non-inter-level travel time spent in this place.
 C = Inter-level travel time spent in this place.
 D = Time resting spent in this place.
 E = Time spent auto-exploring this place.
 F = Levels seen in this place.
 G = Mean time per level.
                   A        B        C        D        E       F      G
               +--------+--------+--------+--------+--------+-----+--------+
         Total |   1023 |   1023 |      0 |    987 |      0 |   1 | 1023.0 |
       Dungeon |   1023 |   1023 |      0 |    987 |      0 |   1 | 1023.0 |
               +--------+--------+--------+--------+--------+-----+--------+

Top non-repeatable levels by time:
     D:1: 1023 daAuts
